 Dungeon Crawl Stone Soup version 0.27.1 (webtiles) character file.

Game seed: 8944472478607101453

291 funkygono the Firebug (level 6, 0/33 HPs)
             Began as a Gargoyle Fire Elementalist on Aug 24, 2021.
             Slain by a wight (12 damage)
             ... on level 4 of the Dungeon.
             The game lasted 00:07:24 (4083 turns).

funkygono the Firebug (Gargoyle Fire Elementalist)  Turns: 4083, Time: 00:07:24

Health: 0/33       AC:  8    Str: 11    XL:     6   Next: 32%
Magic:  0/12       EV: 12    Int: 18    God:
Gold:   140        SH:  0    Dex: 10    Spells: 5/13 levels left

rFire    . . .     SeeInvis .   j - +0 mace
rCold    . . .     Faith    .   (no shield)
rNeg     + . .     Spirit   .   a - +0 robe
rPois    ∞         Reflect  .   d - +1 helmet
rElec    +         Harm     .   (no cloak)
rCorr    .         Rampage  .   (no gloves)
Will     .....                  (no boots)
Stlth    ++........             (no amulet)
HPRegen  0.11/turn              (no ring)
MPRegen  0.13/turn              (no ring)

@: no status effects
A: sickness immunity, AC +4, negative energy resistance 1, electricity
resistance, torment resistance 1, petrification resistance
a: no special abilities


You were on level 4 of the Dungeon.
You visited 1 branch of the dungeon, and saw 4 of its levels.

You collected 140 gold pieces.

Inventory:

Hand Weapons
 j - a +0 mace (weapon)
Missiles
 c - 144 stones
Armour
 a - a +0 robe (worn)
 d - a +1 helmet (worn)
 f - a +0 leather armour
Scrolls
 b - a scroll of identify
 e - a scroll of enchant weapon {unknown}
Potions
 g - a potion of curing {unknown}
 h - a potion of lignification {unknown}
 i - a potion of magic {unknown}
 k - a potion of heal wounds {unknown}
 l - 2 potions of haste {unknown}


   Skills:
 + Level 0.8 Fighting
 + Level 1.8 Dodging
 + Level 2.4 Stealth
 * Level 4.0 Spellcasting
 * Level 3.1 Conjurations
 * Level 4.5 Fire Magic


You had 5 spell levels left.
You knew the following spells:

 Your Spells              Type           Power      Damage    Failure   Level
a - Foxfire               Conj/Fire      68%        2x1d7     3%          1
b - Conjure Flame         Conj/Fire      17%        6-21      9%          3
c - Sticky Flame          Conj/Fire      17%        2d4       30%         4

Your spell library contained the following spells:

 Spells                   Type           Power      Damage    Failure   Level
 Inner Flame              Hex/Fire       11%        N/A       17%         3
 Fireball                 Conj/Fire      8%         3d6       63%         5
 Summon Lightning Spire   Summ/Air       3%         N/A       82%         4
 Storm Form               Tmut/Air       1%         N/A       100%        7
 Maxwell's Capacitive Co  Air            1%         ∞         100%        8


Dungeon Overview and Level Annotations

Branches:
Dungeon (4/15)             Temple (0/1) D:4

Altars:
Kikubaaqudgha
Yredelemnul

Annotations:
D:3 3 runed translucent doors, YannSP's ghost, amateur DDFi; viper's ghost, amateur PaFi
D:4 1 transporter, Blork the orc; Menkaure


Innate Abilities, Weirdness & Mutations

You are immune to sickness and miasma.
Your stone body is resilient. (AC +4)
You are immune to poison.
You resist negative energy. (rN+)
You are resistant to electric shocks. (rElec)
You are resistant to unholy torment.
You are immune to petrification.


Message History

The wight hits your foxfire with a +2 battleaxe! x2
The foxfire hits the wight but does no damage.
The wight is severely damaged.
The foxfire hits the wight but does no damage.
The wight is heavily damaged.
Casting: Foxfire (safe; 3% risk of failure)
Confirm with . or Enter, or press ? or * to list all spells.
You conjure some foxfire!
The wight closely misses you.
The wight hits your foxfire with a +2 battleaxe!
The wight barely misses you.
Your foxfire dissipates!
The foxfire hits the wight.
The wight is severely damaged.
Casting: Foxfire (safe; 3% risk of failure)
Confirm with . or Enter, or press ? or * to list all spells.
You don't have enough magic to cast this spell.
Casting: Foxfire (safe; 3% risk of failure)
Confirm with . or Enter, or press ? or * to list all spells.
You conjure some foxfire!
The foxfire hits the wight.
The wight is almost destroyed.
The foxfire hits the wight.
You destroy the wight!
Your Spellcasting skill increases to level 4!
Casting: Foxfire (safe; 3% risk of failure)
Confirm with . or Enter, or press ? or * to list all spells.
You conjure some foxfire!
The foxfire hits the wight.
The wight is severely damaged.
The foxfire hits the wight but does no damage.
The wight is severely damaged.
Casting: Foxfire (safe; 3% risk of failure)
Confirm with . or Enter, or press ? or * to list all spells.
You conjure some foxfire!
The foxfire hits the wight but does no damage.
The wight is severely damaged.
The foxfire hits the wight but does no damage.
The wight is severely damaged.
The wight hits you with a +2 battleaxe!
You die...

#############....
#....#
#................
#....#
#.........(......
#....# #..............
#....# #.............
#....#####
+...........#
#........#
#...........#
#........#
#.@.........#
'........#
#.z........<#
#........#
#.......#####
#.......÷######.......#
#####.................#
....#.....)...........#
....#.................#
##..#.................#
##..#########'#.......#


You could see a wight.

Vanquished Creatures
  3 wights (D:4)
  A hound (D:4)
  7 adders
  A worm (D:2)
  2 dart slugs
  2 orcs (D:3)
  6 ball pythons
  A bat (D:1)
  4 endoplasms
  8 giant cockroaches
  7 goblins
  3 hobgoblins
  5 jackals
  4 quokkas
  4 frilled lizards
  3 kobolds
  6 rats
67 creatures vanquished.

Vanquished Creatures (others)
  233 foxfires
233 creatures vanquished.

Grand Total: 300 creatures vanquished

Notes
Turn   | Place    | Note
-------+----------+-------------------------------------------
     0 | D:1      | funkygono the Gargoyle Fire Elementalist began the quest
                  | for the Orb.
     0 | D:1      | Reached XP level 1. HP: 10/10 MP: 3/3
   352 | D:1      | Reached XP level 2. HP: 15/15 MP: 1/5
  1043 | D:2      | Reached XP level 3. HP: 5/19 MP: 1/6
  1736 | D:2      | Reached XP level 4. HP: 23/24 MP: 3/8
  1740 | D:2      | Learned a level 3 spell: Conjure Flame
  1745 | D:2      | Learned a level 4 spell: Sticky Flame
  1803 | D:2      | Found a faded altar of an unknown god.
  2873 | D:3      | Reached XP level 5. HP: 25/28 MP: 5/9
  2917 | D:3      | Found a runed translucent gate.
  2919 | D:3      | Found a runed translucent gate.
  2920 | D:3      | Found a runed translucent gate.
  2921 | D:3      | Noticed YannSP's ghost (amateur DDFi)
  2922 | D:3      | Noticed viper's ghost (amateur PaFi)
  3735 | D:4      | Noticed Blork the orc
  3735 | D:4      | Found a staircase to the Ecumenical Temple.
  3886 | D:4      | Found a transporter.
  3889 | D:4      | Found a basalt altar of Yredelemnul.
  3893 | D:4      | Noticed Menkaure
  3899 | D:4      | Found an ancient bone altar of Kikubaaqudgha.
  4043 | D:4      | Reached XP level 6. HP: 33/33 MP: 5/11
  4083 | D:4      | Slain by a wight

Illustrated notes

Levels and vault maps discovered:
D:1:      eino_arrival_tree_alley, layout_rooms, minmay_misc_feat_room
D:2:      cheibrodos_helix_gallery, layout_basic,
          shapermc_ecumenical_altar_starsandcircs
D:3:      layout_basic, gammafunk_ghost_cemetery
D:4:      layout_gridville, gammafunk_temple_of_torment,
          nicolae_ru_awakened_eye, minmay_temple_entry_statues_pillars,
          uniq_menkaure, uniq_blork_the_orc, uniq_duvessa

Skill      XL: |  1  2  3  4  5  6 |
---------------+-------------------+-----
Conjurations   | 2 3 |  3.1
Spellcasting   | 3 4 |  4.0
Fire Magic     | 4 |  4.5
Fighting       | |  0.8
Dodging        | |  1.8
Stealth        | |  2.4

Action                   |  1- 3 |  4- 6 || total
-------------------------+-------+-------++-------
Melee: Club              |    10 |    14 ||    24
       Mace              |       |     2 ||     2
 Cast: Foxfire           |    59 |    80 ||   139
  Use: Scroll            |     3 |     2 ||     5
Armor: Robe              |    13 |    13 ||    26
Dodge: Dodged            |    22 |    33 ||    55
